 Dungeon Crawl Stone Soup: Circus Animals version 1.7-37-g2c94cca (webtiles) character file.

10269 AlphabetPasta the Severer (level 16, -1/221 HPs) *EASY*
             Began as a Minotaur Gladiator on Aug 24, 2016.
             Was a High Priest of Okawaru.
             Slain by a stone giant (11 damage)
             ... on level 7 of the Orcish Mines on Aug 25, 2016.
             The game lasted 01:57:30 (27317 turns).

AlphabetPasta the Severer (Minotaur Gladiator)     Turns: 27317, Time: 01:57:30

Health: -1/221     AC: 25    Str: 22    XL:     16   Next: 99%
Magic:  25/25      EV:  7    Int:  5    God:    Okawaru [*****.]
Gold:   3449       SH:  4    Dex: 19    Spells: 0 memorised, 15 levels left

rFire  + . .     rPois    +     a - +5 broad axe of Hehebyt {antimagic, Dex+3}
rCold  . . .     rElec    +     P - +3 plate armour {rF+}
rNeg   . . .     rCorr    .     (no shield) MagicSh . . . SeeInvis .
                                r - +0 hat StaminaSh . . . Faith .
                                G - +1 cloak RegenHP +++++.....
SustAt .                        q - +0 pair of gloves RegenSP +++....... Dismiss .
                                x - +0 pair of boots RegenMP +......... Reflect +
                                O - +4 amulet of reflection
MR     ++...     Harm     .     f - ring of protection from magic
Stlth  ..........               H - ring "Bayvagad" {rElec rPois}

@: power, very slightly contaminated, studying Crossbows, invisible, slow, very
resistant to hostile enchantments, extremely unstealthy
A: retaliatory headbutt, horns 2
a: Heroism, Finesse, Renounce Religion


You were on level 7 of the Orcish Mines.
You worshipped Okawaru.
Okawaru was extremely pleased with you.
You were not hungry.

You visited 3 branches of the dungeon, and saw 21 of its levels.
You visited the Abyss 1 time.
You also visited: Sewer and Bailey.

You collected 4334 gold pieces.
You spent 885 gold pieces at shops.

Inventory:

Hand Weapons
 a - the +5 broad axe of Hehebyt (weapon) {antimagic, Dex+3}
   (You took it off a centaur on level 2 of the Orcish Mines)

   It reduces the magical energy of the wielder, and disrupts the spells and
   magical abilities of those hit.
   Natural abilities and divine invocations are not affected.
   It affects your dexterity (+3).
 b - a +3 arbalest
 c - a +0 morningstar
 y - a +0 battleaxe
 L - a +3 war axe
 Q - a +3 blowgun
Missiles
 d - 13 throwing nets
 g - 84 bolts of flame
 j - 12 bolts of penetration
 o - 30 curare-tipped needles
 M - 15 poisoned javelins (quivered)
Armour
 e - a +0 cloak
 q - a +0 pair of gloves (worn)
 r - a +0 hat (worn)
 s - a +0 storm dragon armour
 u - a +0 chain mail of magic resistance
 x - a +0 pair of boots (worn)
 G - a +1 cloak (worn)
 P - a +3 plate armour of fire resistance (worn)
 R - a +1 chain mail of positive energy
 S - a +2 plate armour of cold resistance
Jewellery
 f - a ring of protection from magic (right hand)
 h - an uncursed ring of protection from fire
 k - an uncursed ring of protection from cold
 l - an uncursed ring of ice
 m - an uncursed ring of resist corrosion
 p - a +3 ring of intelligence
 t - an uncursed ring of see invisible
 w - the ring of the Stag {rC++ AC-3 Str+2}
   (You found it on level 2 of the Lair of Beasts)

   [ring of protection]

   It affects your AC (-3).
   It affects your strength (+2).
   It greatly protects you from cold.
 C - an uncursed ring of positive energy
 D - an uncursed ring of protection from fire
 F - an uncursed ring of stamina
 H - the ring "Bayvagad" (left hand) {rElec rPois}
   (You bought it in a shop on level 1 of the Orcish Mines)

   [ring of poison resistance]

   It insulates you from electricity.
   It protects you from poison.
 I - an uncursed ring of protection from cold
 O - a +4 amulet of reflection (around neck)
Wands
 i - a wand of polymorph (10/24)
 n - a wand of digging (24/16)
 v - a wand of random effects (14/48)
 z - a wand of confusion (27/48)
 A - a wand of enslavement (18/24)
 B - a wand of flame (8/48)
 E - a wand of lightning (4/15)
 J - a wand of disintegration (8/24)
 K - a wand of iceblast (2/15)
Scrolls
 d - 6 scrolls of teleportation
 g - a scroll of amnesia
 h - 11 scrolls of remove curse
 k - 10 scrolls of blinking
 l - 4 scrolls of fear
 n - 2 scrolls of enchant weapon
 o - 6 scrolls of magic mapping
 t - 6 scrolls of identify
 u - a scroll of fog
 v - 3 scrolls of enchant armour
 x - a scroll of recharging
Potions
 b - 24 potions of stamina
 c - 17 potions of magic
 e - 13 potions of curing
 f - 6 potions of ambrosia
 i - 7 potions of cure mutation
 j - 5 potions of flight
 m - 2 potions of cancellation
 p - 5 potions of agility
 q - a potion of haste
 r - 2 potions of might
 s - 2 potions of resistance
Books
 w - a manual of Crossbows
Miscellaneous
 N - a sack of spiders


   Skills:
 + Level 11.8 Fighting
 + Level 15.9 Axes
 + Level 11.3 Crossbows
 - Level 3.0 Throwing
 + Level 11.1 Armour
 - Level 5.1 Dodging
 + Level 5.2 Invocations
 - Level 2.1 Evocations


You had 15 spell levels left.
You didn't know any spells.

Dungeon Overview and Level Annotations

Branches:
Dungeon (7/7)               Dwarf (0/4) Orc:4           Elf (0/4) Orc:5
 Forest (0/7) Orc:7          Lair (7/7) D:7             Orc (7/7) Lair:7
 Shoals (0/4) Lair:4        Snake (0/4) Lair:6       Spider (0/4) Orc:5
  Swamp (0/4) Lair:6

Altars:
Makhleb
Okawaru
Sif Muna
Vehumet
Beogh

Shops:
Orc:1 =   Orc:7 ?(

Portals:
Hell: Lair:7


Innate Abilities, Weirdness & Mutations

You reflexively headbutt those who attack you in melee.
You have a pair of horns on your head.


Message History

You fade into invisibility!
You block the stone giant's attack.
You are very lightly contaminated with residual magic.
You barely miss the stone giant.
You strike the helpless cyclops from behind!
You slash the cyclops! (mon hp-10)
You kill the cyclops!
Okawaru accepts your kill. The stone giant completely misses you.
You slash the stone giant! (mon hp-11)
You headbutt the stone giant. (mon hp-5)
The stone giant hits you! (hp-9)
* * * LOW HITPOINT WARNING * * *
You slash the stone giant! (mon hp-12)
You headbutt the stone giant, but do no damage.
The stone giant hits you but does no damage.
You slash the stone giant! (mon hp-10)
Your headbutt misses the stone giant.
The stone giant throws a large rock.
You slash the stone giant! (mon hp-8)
You headbutt the stone giant. (mon hp-6)
The stone giant hits you. (hp-2)
* * * LOW HITPOINT WARNING * * *
You slash the stone giant! (mon hp-7)
The stone giant hits you! (hp-11)
You die...

...................?.)..
.$.$....................
..............)...$.....
...............)).......
...$........>.))........
.............)..........
............)...........
........(..)†...........
.......@.)))....$.......
.......C..(()...........
..........)()...........
..........).............
........................
........................
........................
.....................#..
.................###.


You could see a stone giant.

Vanquished Creatures
  5 orc warlords
  3 stone giants
  2 dire elephants (Lair:7)
  Nessos (Orc:3)
  4 ettins
  15 hydras
  4 catoblepae
  3 ogre magi
  A queen ant (Lair:2)
  5 death yaks
  13 orc high priests
  A sun demon (Lair:7)
  4 fire crabs
  A wizard (Lair:7)
  16 orc knights
  3 griffons
  9 orc sorcerers
  15 cyclopes
  4 manticores (Orc:2)
  11 elephants
  3 torpor snails
  A sixfirhy (Lair:7)
  5 orange demons (Lair:7)
  13 black mambas
  12 spiny frogs
  6 komodo dragons
  A merfolk (Orc:2)
  7 jumping spiders (Orc:5)
  Psyche (Lair:3)
  A hellwing (Lair:7)
  3 red devils (Lair:7)
  7 rime drakes
  A snapping turtle (Lair:4)
  2 polar bears
  19 trolls
  38 blink frogs
  3 redbacks (Orc:5)
  14 two-headed ogres
  A hill giant zombie (Lair:7)
  26 yaks
  10 swamp worms (Lair:7)
  3 hippogriffs
  A hungry ghost (Lair:7)
  A fire elemental (Orc:6)
  A hog (Orc:2)
  4 basilisks
  8 wyverns
  6 soldier ants (Lair:2)
  5 vampire mosquitoes (Lair:6)
  21 wargs
  3 nagas (Lair:6)
  7 phantoms
  7 black bears (Orc:2)
  13 water moccasins
  A hell hound (Lair:7)
  An ice beast (D:7)
  35 ogres
  A necrophage (D:3)
  10 crocodiles
  3 big kobolds (Orc:2)
  7 porcupines
  74 orc warriors
  16 wolves
  5 centaurs
  13 giant frogs
  A gnoll sergeant (Orc:2)
  A water moccasin zombie (D:5)
  A wyvern skeleton (D:7)
  2 scorpions
  2 centaur zombies (D:5)
  A centaur skeleton (D:6)
  3 giant frog zombies
  5 killer bees (D:7)
  5 ogre zombies (Lair:7)
  4 crimson imps
  8 electric eels
  A lava snake (Lair:5)
  5 dart slugs
  4 hounds
  A howler monkey (D:4)
  3 jellies (D:7)
  54 orc priests
  6 wights
  17 giant geckos
  9 gnoll shamans
  4 hell rats (Lair:1)
  7 iguanas
  284 orcs
  51 orc wizards
  52 sheep
  29 worker ants
  19 adders
  16 giant cockroaches
  50 gnolls
  24 goblins
  23 hobgoblins
  25 jackals
  16 kobolds
  6 quokkas
  54 river rats
  2 adder skeletons (D:5)
  An adder zombie (D:7)
  2 ball pythons
  A ball python zombie (D:5)
  10 bats
  18 giant newts
  2 goblin zombies (Lair:7)
  A hobgoblin zombie (Lair:7)
  2 hound skeletons (D:5)
  A howler monkey zombie (D:5)
  A jackal skeleton (D:5)
  An ooze (D:3)
  3 orc skeletons (Lair:7)
  13 orc zombies (Lair:7)
  A quokka skeleton (D:5)
  2 quokka zombies
  27 rats
  3 worker ant zombies
  15 worms
  7 fungi
  10 plants
1456 creatures vanquished.

Vanquished Creatures (collateral kills)
  2 hydras (Lair:7)
  A torpor snail (Lair:7)
  A black mamba (Lair:7)
  A blink frog (Lair:7)
  A fire elemental (Lair:7)
  A sheep (Lair:7)
7 creatures vanquished.

Vanquished Creatures (others)
  A stone giant (Orc:5)
  A vampire mosquito (Lair:6)
  2 orcs
  3 fungi
  2 plants
9 creatures vanquished.

Grand Total: 1472 creatures vanquished

Notes
Turn   | Place    | Note
-------+----------+-------------------------------------------
     0 | D:1      | AlphabetPasta the Minotaur Gladiator began the quest for the Orb.
     0 | D:1      | Reached XP level 1. HP: 39/39 MP: 75/75
   147 | D:1      | Reached skill level 1 in Armour
   172 | D:1      | Reached XP level 2. HP: 51/51 MP: 75/75
   237 | D:1      | Reached XP level 3. HP: 63/63 MP: 75/75
   448 | D:1      | Reached skill level 5 in Axes
   587 | D:1      | Reached XP level 4. HP: 76/76 MP: 75/75
  2246 | D:3      | Reached XP level 5. HP: 66/88 MP: 75/75
  2897 | D:4      | Reached XP level 6. HP: 100/100 MP: 75/75
  4112 | D:5      | Entered Level 5 of the Dungeon
  5221 | D:6      | Found a glowing drain.
  5249 | Sewer    | Entered a sewer
  6226 | D:6      | Reached XP level 7. HP: 111/112 MP: 75/75
  6257 | D:6      | Got a bloodstained ring mail
  6268 | D:6      | Identified the +4 ring mail "Mishraar" {Dex+2} (You found it on level 6 of the Dungeon)
  7339 | D:7      | Entered Level 7 of the Dungeon
  7517 | D:7      | Got a slimy lead ring
  7519 | D:7      | Identified the cursed ring "Axzu" {Str-6 Dex+5 Stlth+} (You found it on level 7 of the Dungeon)
  7789 | D:7      | Found a staircase to the Lair.
  7942 | Lair:1   | Entered Level 1 of the Lair of Beasts
  8158 | Lair:1   | Reached XP level 8. HP: 120/124 MP: 75/75
  8313 | Lair:1   | Reached skill level 6 in Axes
  8322 | Lair:1   | Reached skill level 5 in Fighting
  8490 | Lair:1   | Identified a -2 rod of inaccuracy (9/9) (You found it on level 1 of the Lair of Beasts)
  9986 | Lair:2   | Got a vibrating iron ring
  9988 | Lair:2   | Identified the cursed ring of the Stag {rC++ AC-3 Str+2} (You found it on level 2 of the Lair of Beasts)
 10061 | Lair:2   | Noticed a catoblepas
 10082 | Lair:2   | Killed a catoblepas
 10082 | Lair:2   | Reached skill level 1 in Evocations
 10082 | Lair:2   | Reached XP level 9. HP: 101/136 MP: 75/75
 10770 | Lair:2   | Noticed a catoblepas
 10779 | Lair:2   | Killed a catoblepas
 10821 | Lair:2   | Noticed a queen ant
 10853 | Lair:2   | Killed a queen ant
 10853 | Lair:2   | Reached skill level 5 in Dodging
 11696 | Lair:3   | Reached XP level 10. HP: 148/148 MP: 75/75
 12313 | Lair:3   | Reached skill level 7 in Axes
 12337 | Lair:3   | Noticed Psyche
 12346 | Lair:3   | Killed Psyche
 13643 | Lair:4   | Found a deep blue altar of Sif Muna.
 13674 | Lair:4   | Reached skill level 8 in Axes
 13902 | Lair:4   | Noticed a two-headed hydra
 13920 | Lair:4   | Killed a three-headed hydra
 13920 | Lair:4   | Reached skill level 9 in Axes
 13920 | Lair:4   | Reached XP level 11. HP: 83/160 MP: 75/75
 14009 | Lair:4   | Noticed a two-headed hydra
 14038 | Lair:4   | Killed a two-headed hydra
 14078 | Lair:4   | Found a staircase to the Shoals.
 14078 | Lair:4   | Noticed a two-headed hydra
 14093 | Lair:4   | Killed a two-headed hydra
 14093 | Lair:4   | Reached skill level 10 in Axes
 15316 | Lair:5   | Reached skill level 11 in Axes
 15423 | Lair:5   | Reached XP level 12. HP: 61/172 MP: 75/75
 16368 | Lair:6   | Reached skill level 12 in Axes
 16565 | Lair:6   | Found a staircase to the Snake Pit.
 16663 | Lair:6   | Identified a scroll of acquirement
 16664 | Lair:6   | Got a scorched quick blade
 16665 | Lair:6   | Identified the +3 quick blade of Jytucasm {distort, MP+25 Dex+2} (You acquired it on level 6 of the Lair of Beasts)
 16665 | Lair:6   | Cast into level 2 of the Abyss (a distortion unwield)
 16984 | Lair:6   | Escaped the Abyss
 17239 | Lair:6   | Reached skill level 5 in Armour
 17398 | Lair:6   | Reached XP level 13. HP: 177/184 MP: 75/75
 17876 | Lair:6   | Reached skill level 13 in Axes
 18035 | Lair:6   | Found a staircase to the Swamp.
 18490 | Lair:7   | Entered Level 7 of the Lair of Beasts
 18542 | Lair:7   | Found a staircase to the Orcish Mines.
 18973 | Lair:7   | Reached XP level 14. HP: 54/197 MP: 75/75
 19556 | Lair:7   | Reached skill level 14 in Axes
 20639 | Lair:7   | Found a burning altar of Makhleb.
 20779 | Lair:7   | Reached XP level 15. HP: 189/209 MP: 75/75
 20827 | Lair:7   | Found a gateway to Hell.
 20971 | Orc:1    | Entered Level 1 of the Orcish Mines
 21392 | Orc:1    | Found Ubaofaba's Jewellery Emporium.
 21412 | Orc:1    | Bought a +3 amulet of reflection for 375 gold pieces
 21415 | Orc:1    | Bought the ring "Bayvagad" {rElec rPois} for 510 gold pieces
 21461 | Orc:1    | Found a burning altar of Makhleb.
 21692 | Orc:2    | Reached skill level 10 in Fighting
 22006 | Orc:2    | Found a radiant altar of Vehumet.
 22591 | Orc:2    | Got an uncursed slimy broad axe {antimagic}
 22592 | Orc:2    | Identified the +5 broad axe of Hehebyt {antimagic, Dex+3} (You took it off a centaur on level 2 of the Orcish Mines)
 23294 | Orc:3    | Noticed Nessos
 23307 | Orc:3    | Killed Nessos
 23312 | Orc:3    | Found a flagged portal.
 23335 | Orc:3    | Found an iron altar of Okawaru.
 23344 | Orc:3    | Became a worshipper of Warmaster Okawaru
 23372 | Bailey   | Entered a bailey
 23403 | Bailey   | Found an iron altar of Okawaru.
 23622 | Bailey   | Reached skill level 1 in Invocations
 24249 | Orc:3    | Found a roughly hewn altar of Beogh.
 24447 | Orc:4    | Found a staircase to the Dwarven Fortress.
 24507 | Orc:4    | Reached * piety under Okawaru
 24925 | Orc:5    | Reached skill level 15 in Axes
 24962 | Orc:5    | Found a staircase to the Elven Halls.
 25015 | Orc:5    | Reached ** piety under Okawaru
 25048 | Orc:5    | Reached skill level 10 in Armour
 25164 | Orc:5    | Found a hole to the Spider Nest.
 25578 | Orc:5    | Reached XP level 16. HP: 191/220 MP: 25/75
 25589 | Orc:5    | Reached *** piety under Okawaru
 26049 | Orc:6    | Reached skill level 10 in Crossbows
 26106 | Orc:6    | Found a roughly hewn altar of Beogh.
 26336 | Orc:6    | Reached **** piety under Okawaru
 26829 | Orc:7    | Entered Level 7 of the Orcish Mines
 26829 | Orc:7    | Found Laikhlin's Weapon Emporium.
 27049 | Orc:7    | Reached ***** piety under Okawaru
 27191 | Orc:7    | Received a gift from Okawaru
 27213 | Orc:7    | Reached skill level 5 in Invocations
 27255 | Orc:7    | Found a staircase to the Enchanted Forest.
 27264 | Orc:7    | Found Patumpaf's Magic Scroll Boutique.
 27307 | Orc:7    | HP: 22/220 [cyclops (5)]
 27309 | Orc:7    | HP: 4/221 [cyclops (16)]
 27316 | Orc:7    | HP: 9/221 [stone giant (2)]
 27317 | Orc:7    | Slain by a stone giant

Skill      XL: |  1  2  3  4  5  6  7  8  9 10 11 12 13 14 15 16 |
---------------+-------------------------------------------------+-----
Armour         | 1 2 3 4 5 7 8 10 11 | 11.1
Axes           | 5 6 9 11 12 13 14 15 | 15.9
Fighting       | 4 5 6 8 9 11 | 11.8
Throwing       | 3 |  3.0
Dodging        | 4 5 |  5.1
Evocations     | 1 2 |  2.1
Crossbows      | 9 11 | 11.3
Invocations    | 3 5 |  5.2

Action                   |  1- 3 |  4- 6 |  7- 9 | 10-12 | 13-15 | 16-18 || total
-------------------------+-------+-------+-------+-------+-------+-------++-------
Melee: War axe           |    68 |   428 |   385 |   541 |   857 |       ||  2279
       Headbutt          |     8 |    68 |    89 |   140 |   328 |    80 ||   713
       Battleaxe         |       |       |    48 |       |       |       ||    48
       Morningstar       |       |       |       |    41 |   117 |       ||   158
       Broad axe         |       |       |       |       |   396 |   277 ||   673
       Punch             |       |       |       |       |       |     1 ||     1
 Fire: Blowgun           |       |       |       |       |     3 |       ||     3
       Arbalest          |       |       |       |       |       |    15 ||    15
Invok: Heroism           |       |       |       |       |     1 |     1 ||     2
       Finesse           |       |       |       |       |       |     1 ||     1
Evoke: Rod               |       |       |     1 |       |       |       ||     1
       Wand              |       |       |     5 |     5 |       |       ||    10
       Box of beasts     |       |       |       |       |     1 |       ||     1
  Use: Scroll            |       |    15 |    10 |     5 |     4 |     1 ||    35
       Potion            |       |     1 |     7 |     3 |     7 |    12 ||    30
 Stab: Sleeping          |       |     1 |     1 |       |     3 |     3 ||     8
       Confused          |       |       |       |     2 |       |       ||     2
       Petrified         |       |       |       |       |     3 |       ||     3
       Petrifying        |       |       |       |       |     1 |       ||     1
       Invisible         |       |       |       |       |       |     1 ||     1
Armor: Leather armour    |    15 |     3 |       |       |       |       ||    18
       Chain mail        |       |    56 |     8 |       |       |       ||    64
       Plate armour      |       |   137 |       |       |   238 |   293 ||   668
       Ring mail         |       |       |   117 |       |       |       ||   117
       Storm dragon armo |       |       |    70 |   306 |   831 |       ||  1207
Dodge: Dodged            |    45 |   236 |   335 |   342 |   897 |   287 ||  2142
Block: Other             |       |       |       |       |   130 |   104 ||   234
       Reflection        |       |       |       |       |     4 |     7 ||    11
